 Dungeon Crawl Stone Soup version 0.32-a0-433-g08bcfe7efd (webtiles) character file.

Game seed: 2309205706104384414

28 cforsyth the Slasher (level 3, -4/28 HPs)
             Began as a Coglin Gladiator on Feb 22, 2024.
             Slain by a gnoll
             ... wielding a +0 spear
              (6 damage)
             ... on level 2 of the Dungeon.
             The game lasted 00:01:14 (1189 turns).

cforsyth the Slasher (Coglin Gladiator)             Turns: 1189, Time: 00:01:14

Health: -4/28      AC:  4    Str: 14    XL:     3   Next: 12%
Magic:  3/3        EV: 12    Int:  7    God:
Gold:   78         SH:  0    Dex: 17    Spells: 2/2 levels left

rFire   . . .        a - +0 long sword {Eunkyung}
rCold   . . .        h - +2 short sword (venom) {Teghnoor}
rNeg    . . .        b - +0 leather armour
rPois   .            c - +0 helmet
rElec   .            (no cloak)
rCorr   .            (no gloves)
SInv    .            (no boots)
Will    .....        (no amulet)
Stlth   +            (no ring)
HPRegen 0.24/turn    (no ring)
MPRegen 0.08/turn

%: no passive effects
@: no status effects
A: off-hand wielding, slow wielding, warmup strikes, legs shutdown
a: no special abilities


You were on level 2 of the Dungeon.
You visited 1 branch of the dungeon, and saw 2 of its levels.

You collected 78 gold pieces.


Innate Abilities, Weirdness & Mutations

You can wield a second weapon in your off-hand.
It takes a long time for you to wield or remove held weapons.
Your first few attacks do less damage.
Attacking and casting redirects power from your legs.


   Skills:
 + Level 2.6 Fighting
 + Level 3.4 Long Blades
 - Level 1.7 Throwing
 + Level 1.2 Armour
 - Level 2.6 Dodging


You had 2 spell levels left.
You didn't know any spells.
Your spell library was empty.

Inventory:

Hand Weapons
 a - a +0 long sword (weapon) {Eunkyung}
 h - a +2 short sword of venom (offhand) {Teghnoor}
Missiles
 d - 3 throwing nets (quivered) {=f}
 e - a javelin
Armour
 b - a +0 leather armour (worn)
 c - a +0 helmet (worn)
Scrolls
 i - a scroll of silence {unknown}
 j - a scroll of torment {unknown}
 l - 2 scrolls of identify {unknown}
 m - a scroll of teleportation {unknown}
 n - a scroll of fog
Potions
 f - a potion of mutation {unknown}
 g - a potion of might {unknown}
 k - a potion of heal wounds {unknown}

Dungeon Overview and Level Annotations

Branches:
Dungeon (2/15)

Altars:

Shops:
D:2 ?

Annotations:
D:1 2 runed translucent doors

.###.................
.#...................
.#.#.................
.#..................#
.##.#.....##........ ##.
......#............ ....
..#.##.........### .....
#....#.........§g#§.....
###..+.†......∩§@g§.....
..##)...[....§wgg..###
..++........§.∩.K.....
....#...#+#............
....#...# #............
##### #............
.............
..............


You could see 4 gnolls, a dart slug and a kobold.


Message History

The throwing net hits you.
You become entangled in the net!
There is an abandoned shop here.
You see here a throwing net {=f}.
You tear a large gash into the net.
The dart slug launches a dart at you. The slug dart hits you.
The gnoll barely misses you.
You struggle against the net.
The gnoll hits you with a +0 spear.
You struggle against the net.
The gnoll hits you with a +0 flail.
You rip the net and break free!
The dart slug bites you.
* * * LOW HITPOINT WARNING * * *
The gnoll hits you but does no damage. The gnoll barely misses you.
The gnoll hits you from afar with a +0 spear.
* * * LOW HITPOINT WARNING * * *
The gnoll barely misses you.
You are too injured to fight recklessly!
You are too injured to fight recklessly!
You are too injured to fight recklessly!
You are too injured to fight recklessly!
You are too injured to fight recklessly!
Unknown command.
Unknown command.
As you read the scroll labelled BOUFFE MITRIQU, it dissolves into smoke.
It was a scroll of fog.
The dart slug launches a dart at you. The slug dart hits you.
* * * LOW HITPOINT WARNING * * *
The gnoll closely misses you. The gnoll hits you with a +0 spear!
* * * LOW HITPOINT WARNING * * *
The gnoll hits you from afar with a +0 spear.
You die...

Skill      XL: |  1  2 |
---------------+-------+-----
Armour         | 1 |  1.2
Fighting       | |  2.6
Long Blades    | |  3.4
Throwing       | |  1.7
Dodging        | |  2.6

Action                     || total
---------------------------++-------
  Melee: Long sword        ||    42
         Short sword       ||     7
    Use: Scroll            ||     1
   Stab: Sleeping          ||     1
 Armour: Leather armour    ||    37
  Dodge: Dodged            ||    33

Levels and vault maps discovered:
D:1:      erik_arrival_cave_to_civilisation [erik_arrival_cave_to_temple],
          layout_basic, nicolae_hexahallways
D:2:      layout_basic, serial_shops, nicolae_shop_competitors_out_of_business

Notes
Turn   | Place    | Note
-------+----------+-------------------------------------------
     0 | D:1      | cforsyth the Coglin Gladiator began the quest for the Orb.
     0 | D:1      | Reached XP level 1. HP: 16/16 MP: 1/1
    82 | D:1      | Found a large runed translucent door.
    82 | D:1      | Found a large runed translucent door.
   128 | D:1      | Reached XP level 2. HP: 19/22 MP: 2/2
   371 | D:1      | Reached skill level 1 in Armour
  1148 | D:2      | Reached XP level 3. HP: 28/28 MP: 3/3
  1171 | D:2      | Found Vapiul's Magic Scroll Shoppe.
  1189 | D:2      | HP: 2/28 [gnoll/+0 spear (7)]
  1189 | D:2      | Slain by a gnoll

Vanquished Creatures
  A dart slug (D:1)
  2 ball pythons (D:1)
  3 bats (D:1)
  An endoplasm (D:1)
  A giant cockroach (D:1)
  3 goblins
  A hobgoblin (D:2)
  2 kobolds (D:1)
  3 quokkas
  4 frilled lizards
  A rat (D:1)
22 creatures vanquished.

Table legend: (Time is in decaauts)
 A = Elapsed time spent in this place.
 B = Non-inter-level travel time spent in this place.
 C = Inter-level travel time spent in this place.
 D = Time resting spent in this place.
 E = Time spent auto-exploring this place.
 F = Levels seen in this place.
 G = Mean time per level.
                   A        B        C        D        E       F      G
               +--------+--------+--------+--------+--------+-----+--------+
         Total |   1196 |   1164 |     32 |     64 |    950 |   2 |  598.0 |
       Dungeon |   1196 |   1164 |     32 |     64 |    950 |   2 |  598.0 |
               +--------+--------+--------+--------+--------+-----+--------+

Top non-repeatable levels by time:
     D:1: 1150 daAuts
     D:2: 45 daAuts

Table legend:
 A = Non-vault XP
 B = Vault XP
 C = Vault XP percentage of total XP
 D = Non-vault monster count
 E = Vault monster count
 F = Vault count percentage of total count
                 A         B        C        D         E       F
            +---------+---------+-------+---------+---------+-------
      Total |      37 |       3 |   7.5 |      20 |       2 |   9.1
            +---------+---------+-------+---------+---------+-------
        D:1 |      30 |       3 |   9.1 |      16 |       2 |  11.1
        D:2 |       7 |       0 |   0.0 |       4 |       0 |   0.0
            +---------+---------+-------+---------+---------+-------
